 Dungeon Crawl Stone Soup version 0.29.1-15-g9cfb28693d (webtiles) character file.

Game seed: 4265490513714826914

593334 UCchamp the Hoplite (level 27, -6/215 (256) HPs)
             Began as a Meteoran Fighter on Mar 15, 2023.
             Was a High Priest of Okawaru.
             Killed from afar by a Tzitzimitl (25 damage)
             ... with a bolt of negative energy
             ... on level 5 of Tartarus on Mar 16, 2023.
             The game lasted 05:04:12 (31730 turns).

UCchamp the Hoplite (Meteoran Fighter)             Turns: 31730, Time: 05:04:12

HP:   -6/215 (256)  AC: 41    Str: 36    XL:     27
MP:   35/42         EV: 23    Int: 13    God:    Okawaru [*****.]
Gold: 5508          SH: 30    Dex: 18    Spells: 26/26 levels left

rFire   + . .      SeeInvis +     - Unarmed
rCold   + + .      Faith    .   p - +0 tower shield {reflect}
rNeg    + . .      Spirit   .   W - +5 gold dragon scales
rPois   +          Reflect  +   I - +3 crown of Dyrovepreva {rElec Int+2 SInv}
rElec   +          Harm     .   u - +1 cloak {Will+}
rCorr   +          Rampage  +   v - +0 pair of gloves {infuse}
Will    ++...                   n - +2 pair of boots {rampage}
Stlth   ..........              C - amulet of Monotheism {Reflect +Blink SH+5}
HPRegen 0.45/turn               L - ring of Ykireasu {rPois rC+ rCorr MP+9 Dex+3}
MPRegen 0.28/turn               q - ring of Mestevva {*Corrode rN+ Will+ EV+4 Slay+6}

@: slowed, glowing, studying 2 skills, heavily drained, weak-willed, very slow
A: sense surroundings 3, otherworldly, glowing, explore regen, strong 2,
MP-powered wands
}: 4/15 runes: decaying, serpentine, silver, abyssal
a: Renounce Religion, Evoke Blink, Heroism, Finesse, Duel


You were on level 5 of Tartarus.
You worshipped Okawaru.
Okawaru was extremely pleased with you.
You visited 13 branches of the dungeon, and saw 54 of its levels.
You visited the Abyss 1 time.
You also visited: Ice Cave, Volcano and Wizlab.

You collected 8047 gold pieces.
You spent 2539 gold pieces at shops.

Inventory:

Missiles
 j - 5 datura-tipped darts
 l - 65 poisoned darts
 t - 22 javelins
 y - a throwing net
 A - 11 boomerangs (quivered)
 B - 8 curare-tipped darts
 H - 11 atropa-tipped darts
 N - 3 boomerangs of dispersal
 U - 7 silver javelins
 X - 5 silver boomerangs
Armour
 n - a +2 pair of boots of rampaging (worn)
 p - a +0 tower shield of reflection (worn)
 u - a +1 cloak of willpower (worn)
 v - a +0 pair of gloves of infusion (worn)
 I - the +3 crown of Dyrovepreva (worn) {rElec Int+2 SInv}
   (You found it on level 5 of the Vaults)

   Int:       It affects your intelligence (+2).
   rElec:     It insulates you from electricity.
   SInv:      It lets you see invisible.
 W - +5 gold dragon scales (worn)
Jewellery
 q - the ring of Mestevva (right hand) {*Corrode rN+ Will+ EV+4 Slay+6}
   (You bought it in a shop on level 2 of the Orcish Mines)

   [ring of evasion]

   EV:        It affects your evasion (+4).
   Slay:      It affects your accuracy & damage with ranged weapons and melee
   (+6).
   rN:        It protects you from negative energy.
   *Corrode:  It may corrode you when you take damage.
   Will:      It increases your willpower.
 s - an amulet of faith
 x - the ring of Lust {rElec AC+4 Slay+2}
   (You found it in an ice cave)

   [ring of protection]

   AC:        It affects your AC (+4).
   Slay:      It affects your accuracy & damage with ranged weapons and melee
   (+2).
   rElec:     It insulates you from electricity.
 C - the amulet of Monotheism (around neck) {Reflect +Blink SH+5}
   (You acquired it on level 3 of the Lair of Beasts)

   [amulet of reflection]

   It reflects blocked missile attacks.
   +Blink:    It lets you blink.
   SH:        It affects your SH (+5).
 F - the ring of Gare {Will+ EV+4 Int+3 Dex+6}
   (You took it off a deep elf archer on level 3 of the Elven Halls)

   [ring of evasion]

   EV:        It affects your evasion (+4).
   Int:       It affects your intelligence (+3).
   Dex:       It affects your dexterity (+6).
   Will:      It increases your willpower.
 L - the ring of Ykireasu (left hand) {rPois rC+ rCorr MP+9 Dex+3}
   (You bought it in a shop on level 1 of the Snake Pit)

   [ring of magical power]

   Dex:       It affects your dexterity (+3).
   rC:        It protects you from cold.
   rPois:     It protects you from poison.
   MP:        It affects your magic capacity (+9).
   rCorr:     It protects you from acid and corrosion.
 O - a ring of see invisible
 P - the ring "Duso Mio" {Fly rPois}
   (You took it off a spriggan berserker on level 2 of the Depths)

   [ring of flight]

   rPois:     It protects you from poison.
   Fly:       It grants you flight.
 Y - a +4 ring of protection
Wands
 a - a wand of mindburst (19)
 i - a wand of flame (44)
 m - a wand of polymorph (23)
 K - a wand of quicksilver (31)
 Q - a wand of digging (9)
 S - a wand of roots (31)
 T - a wand of paralysis (23)
Scrolls
 d - 6 scrolls of immolation
 f - 2 scrolls of brand weapon
 g - a scroll of poison
 r - 2 scrolls of teleportation
 J - a scroll of fear
 V - 2 scrolls of silence
 Z - a scroll of amnesia
Potions
 b - a potion of ambrosia
 c - 5 potions of mutation
 e - a potion of cancellation
 h - 8 potions of haste
 k - 8 potions of curing
 o - 7 potions of resistance
 w - 6 potions of flight
 z - 5 potions of brilliance
 D - a potion of magic
 M - 3 potions of berserk rage
 R - 10 potions of might
Miscellaneous
 G - a tin of tremorstones (2/2)


   Skills:
 + Level 22.4 Fighting
 - Level 22.0 Throwing
 - Level 22.0 Armour
 - Level 22.0 Dodging
 - Level 25.0 Shields
 + Level 22.5 Unarmed Combat
 + Level 12.4 Invocations
 + Level 13.1 Evocations


You had 26 spell levels left.
You didn't know any spells.
Your spell library contained the following spells:

 Spells                   Type           Power      Damage    Failure   Level
 Apportation              Tloc           0%         N/A       92%         1
 Beastly Appendage        Tmut           0%         N/A       92%         1
 Foxfire                  Conj/Fire      0%         2x1d4     92%         1
 Necrotise                Necr           0%         1d4       92%         1
 Sandblast                Erth           0%         2d4       92%         1
 Shock                    Conj/Air       0%         1d3       92%         1
 Slow                     Hex            0%         N/A       92%         1
 Sting                    Tmut/Pois      0%         1d3       92%         1
 Passwall                 Tmut/Erth      0%         N/A       98%         2
 Poisonous Vapours        Pois/Air       0%         N/A       98%         2
 Scorch                   Fire           0%         2d5       98%         2
 Static Discharge         Conj/Air       0%         3-3/arc   98%         2
 Sublimation of Blood     Necr           0%         N/A       98%         2
 Wereblood                Tmut           0%         N/A       98%         2
 Confusing Touch          Hex            0%         N/A       100%        3
 Conjure Flame            Conj/Fire      0%         6-21      100%        3
 Gell's Gravitas          Tloc           0%         N/A       100%        3
 Ignite Poison            Fire/Tmut/Pois 0%         N/A       100%        3
 Inner Flame              Hex/Fire       0%         N/A       100%        3
 Ozocubu's Armour         Ice            0%         N/A       100%        3
 Portal Projectile        Hex/Tloc       0%         N/A       100%        3
 Stone Arrow              Conj/Erth      0%         3d7       100%        3
 Swiftness                Air            0%         N/A       100%        3
 Teleport Other           Tloc           0%         N/A       100%        3
 Vampiric Draining        Necr           0%         2d6       100%        3
 Airstrike                Air            0%         2d(0-16)  100%        4
 Corpse Rot               Necr/Pois/Air  0%         N/A       100%        4
 Dispel Undead            Necr           0%         3d6       100%        4
 Flame Wave               Conj/Fire      0%         2d4       100%        4
 Fulminant Prism          Conj/Hex       0%         3d6       100%        4
 Ice Form                 Ice/Tmut       0%         N/A       100%        4
 Iskenderun's Mystic Bla  Conj/Tloc      0%         2d3       100%        4
 Leda's Liquefaction      Hex/Erth       0%         N/A       100%        4
 Olgreb's Toxic Radiance  Pois           0%         N/A       100%        4
 Petrify                  Tmut/Erth      0%         N/A       100%        4
 Sticky Flame             Conj/Fire      0%         2d3       100%        4
 Alistair's Intoxication  Tmut/Pois      0%         N/A       100%        5
 Blade Hands              Tmut           0%         N/A       100%        5
 Fireball                 Conj/Fire      0%         3d3       100%        5
 Irradiate                Conj/Tmut      0%         3d11      100%        5
 Iskenderun's Battlesphe  Conj           0%         2d6       100%        5
 Lee's Rapid Deconstruct  Erth           0%         3d5*      100%        5
 Yara's Violent Unravell  Hex/Tmut       0%         3d3       100%        5
 Conjure Ball Lightning   Conj/Air       0%         3x3d6     100%        6
 Dispersal                Tloc           0%         N/A       100%        6
 Eringya's Noxious Bog    Tmut/Pois      0%         N/A       100%        6
 Statue Form              Tmut/Erth      0%         N/A       100%        6
 Dragon Form              Tmut           0%         N/A       100%        7
 Enfeeble                 Hex            0%         N/A       100%        7
 Orb of Destruction       Conj           0%         9d5       100%        7
 Ozocubu's Refrigeration  Ice            0%         4d7       100%        7
 Storm Form               Tmut/Air       0%         N/A       100%        7
 Borgnjor's Revivificati  Necr           0%         N/A       100%        8
 Necromutation            Tmut/Necr      0%         N/A       100%        8
 Death's Door             Necr           0%         N/A       100%        9
 Summon Guardian Golem    Hex/Summ       Unusable   N/A       N/A         3
 Tukima's Dance           Hex            Unusable   N/A       N/A         3
 Summon Forest            Summ/Tloc      Unusable   N/A       N/A         5
 Death Channel            Necr           Unusable   N/A       N/A         6
 Summon Cactus Giant      Summ           Unusable   N/A       N/A         6
 Haunt                    Necr/Summ      Unusable   N/A       N/A         7
 Spellforged Servitor     Conj/Summ      Unusable   N/A       N/A         7
 Summon Hydra             Summ           Unusable   N/A       N/A         7
 Infestation              Necr           Unusable   N/A       N/A         8

Dungeon Overview and Level Annotations

Branches:
Dungeon (15/15) Zot: 741   Temple (1/1) D:7 Zot: 568    Lair (5/5) D:9 Zot: 47
  Swamp (4/4) Lair:2 Zot: 413   Snake (4/4) Lair:2 Zot: 109   Slime (0/5) Lair:5
    Orc (2/2) D:11 Zot: 295     Elf (3/3) Orc:2 Zot: 79  Vaults (5/5) D:13 Zot: 55
  Crypt (3/3) Vaults:2 Zot: 135    Tomb (2/3) Crypt:3 Zot: 152  Depths (4/4) D:15 Zot: 704
   Hell (visited)             Tar (5/7) Hell Zot: 2963   IceCv (visited)
Volcano (visited)          WizLab (visited)
    Dis: Hell:1         Geh: Hell:1         Coc: Hell:1         Zot: Depths:4

Altars:
Ashenzari
Cheibriados
Dithmenos
Elyvilon
Fedhas
Gozag
Hepliaklqana
Kikubaaqudgha
Makhleb
Nemelex Xobeh
Okawaru
Qazlal
Ru
Sif Muna
Trog
Uskayaw
Vehumet
Wu Jian
Xom
Yredelemnul
Zin
The Shining One
Jiyva

Shops:
Orc:2 (=[**   Elf:1 (?[*[   Elf:3 *   Snake:1 *?=[   Vaults:1 !   Vaults:3 *
Vaults:5 (   Depths:1 !

Portals:
Hell: Depths:1 Depths:2 Depths:4
Abyss: Depths:2 Depths:3 Depths:4
Pandemonium: Depths:4
Ziggurat: Depths:4
Trove: Vaults:3 (give +4 storm dragon scales)

Annotations:
Temple 2 transporters


Innate Abilities, Weirdness & Mutations

You passively map a large area around you.
You are easily found by Zot.
You glow in the dark.
You regain HP and MP as you explore.
Your muscles are very strong. (Str +8, Int/Dex -2)
You expend magic power (3 MP) to strengthen your wands.


Message History

You pummel the shadow wraith like a punching bag!!!
You destroy the shadow wraith!
Okawaru accepts your kill.
You are engulfed in dark miasma.
You feel extremely sick. You block the Tzitzimitl's attack.
The Tzitzimitl bites you!
You punch the Tzitzimitl!
The Tzitzimitl is lightly wounded.
You are engulfed in dark miasma.
You are more poisoned.
You feel as though you will be slow longer.
* * * LOW HITPOINT WARNING * * *
You feel very sick.
You pummel the Tzitzimitl!!
The Tzitzimitl is heavily wounded.
You are engulfed in dark miasma.
You are more poisoned.
* * * LOW HITPOINT WARNING * * *
x2 You feel extremely sick.
The Tzitzimitl calls on the powers of darkness!
Your body is wracked with pain!
* * * LOW HITPOINT WARNING * * *
You pummel the Tzitzimitl!!
The Tzitzimitl is severely wounded.
* * * LOW HITPOINT WARNING * * *
You feel extremely sick. You block the Tzitzimitl's attack.
The Tzitzimitl bites you but does no damage.
Unknown command.
You hit the Tzitzimitl.
The Tzitzimitl is severely wounded.
* * * LOW HITPOINT WARNING * * *
You feel extremely sick. You block the Tzitzimitl's attack.
The Tzitzimitl bites you but does no damage.
Unknown command.
You feel better. The Tzitzimitl gestures at you.
The bolt of negative energy hits you!! You partially resist.
You feel drained.
You die...

, , , ,
#...## , ^
#....#* ,
#.....+ , *
+ * #....# *
, * #....# *
, #....### *
, ,
#......#.###
#...@.......
,
#...1.......
, ,
#.#.#.......
* #*##
#.....# *
######.....#
#####
#.#.#.....##
#.#.# .....
....###...#
...
...###....#
*,#.#, ,,
##...#


You could see a Tzitzimitl.

Vanquished Creatures
  Khufu (Crypt:1)
  Mennas (Tomb:1)
  2 dread liches (Crypt:2)
  Mara (Depths:1)
  A juggernaut (Depths:2)
  7 royal mummies
  Margery (Crypt:2)
  4 profane servitors
  Geryon (Hell)
  A mutant beast (WizLab)
  Nikola (Swamp:2)
  2 golden dragons
  7 bone dragons
  2 doom hounds
  2 hellephants
  Rupert (Lair:4)
  Jorgrun (Snake:2)
  3 Tzitzimimeh
  3 tentacled monstrosities
  4 liches
  A tainted leviathan (Tar:3)
  A walking divine tome (Depths:2)
  3 quicksilver dragons (Vaults:5)
  5 titans (Vaults:5)
  2 deep elf blademasters (Elf:3)
  2 deep elf master archers (Elf:3)
  10 ancient champions
  Gastronok (Lair:1)
  A thorn hunter (Swamp:2)
  The ghost of Geoferav the Warrior, an adept MiFi of Gozag (Snake:2)
  Kirke (Lair:4)
  8 sphinxes
  3 tengu reavers (Vaults:5)
  13 shadow dragons
  Donald (Snake:4)
  A fenstrider witch (Swamp:3)
  Roxanne (D:14)
  An azure jelly (Swamp:4)
  5 storm dragons
  The ghost of Wuupn the Executioner, a journeyman MiBe of Trog (D:14)
  18 nagarajas
  6 revenants
  8 fire giants
  3 deep elf sorcerers (Elf:3)
  6 orc warlords
  Aizul (Swamp:2)
  14 vault wardens
  5 frost giants
  4 deep elf elementalists (Elf:3)
  14 ironbound preservers
  12 ghouls
  3 curse skulls
  16 very ugly things
  3 iron dragons
  7 reapers
  2 ironbound thunderhulks
  18 stone giants
  5 vampire knights
  2 war gargoyles
  6 bennus (Tomb:2)
  A spriggan defender (Depths:2)
  11 deep elf demonologists
  5 deep elf annihilators
  5 eleionomae
  A lorocyproca (Abyss:3)
  A halazid warlock (Hell)
  8 dire elephants
  5 putrid mouths
  5 bunyips
  A wendigo (Depths:4)
  A minotaur (D:14)
  4 spark wasps (Depths:2)
  10 deep elf death magi
  Snorg (Lair:3)
  16 jiangshi
  2 blizzard demons
  2 iron golems
  5 eidola
  A green death (Depths:4)
  A spectral quicksilver dragon (Tar:3)
  6 fire dragons
  13 ettins
  4 crystal guardians
  12 yaktaur captains
  24 mummy priests
  A shambling mangrove (Swamp:4)
  4 deep elf high priests
  6 spectral spriggans
  Fannar (Lair:1)
  Josephine (D:15)
  3 great orbs of eyes (shapeshifter) (Abyss:3)
  2 hell beasts
  2 rakshasas
  5 great orbs of eyes
  30 vault guards
  12 ice dragons
  A quicksilver dragon skeleton (Crypt:1)
  6 boulder beetles
  2 salamander tyrants
  A jorogumo (shapeshifter) (Vaults:5)
  3 peacekeepers
  4 spriggan air magi
  2 spriggan skeletons
  2 ogre magi
  11 centaur warriors
  13 hydras
  A catoblepas (D:13)
  A caustic shrike simulacrum (Hell)
  3 ghost crabs
  11 anacondas
  8 alligators
  5 ironbound frosthearts
  28 naga warriors
  9 two-headed ogres
  7 death knights
  3 deep troll shamans
  3 death yaks (Lair:5)
  7 deep troll earth magi
  4 tengu warriors
  23 death scarabs
  A hell hog (Abyss:3)
  35 dancing weapons
  4 orc high priests
  A spectral dire elephant (Tar:3)
  8 shock serpents
  11 naga sharpshooters
  5 thrashing horrors (Abyss:3)
  Urug (Orc:2)
  15 deep elf knights
  2 vampire magi (Crypt:2)
  8 sun demons
  Sonja (Lair:3)
  3 crystal echidnas
  3 spriggan berserkers
  4 soul eaters
  7 hell knights
  2 wretched stars (Abyss:3)
  A titan skeleton (Hell)
  10 shadow wraiths
  2 fire crabs (shapeshifter)
  8 iron trolls
  6 salamander mystics
  36 skeletal warriors
  2 sea snakes (Snake:3)
  3 goliath frogs
  A shadow demon (Depths:1)
  37 deep trolls
  An anaconda zombie (Tomb:2)
  8 flayed ghosts
  3 spriggan druids
  A death drake (shapeshifter) (WizLab)
  2 swamp dragons
  A glowing orange brain (shapeshifter) (Elf:3)
  3 glowing orange brains
  A deep troll (shapeshifter) (WizLab)
  A spectral iron dragon (Tar:3)
  8 bog bodies
  12 naga ritualists
  4 wizards
  8 necromancers
  15 lindwurms
  11 deep elf archers
  A goliath frog zombie (Crypt:1)
  19 ironbound convokers
  An orange crystal statue (IceCv)
  22 deep elf pyromancers
  19 ugly things
  A mana viper (shapeshifter) (WizLab)
  Pikel (D:5)
  3 harpies (shapeshifter)
  6 orc knights
  10 phantasmal warriors
  16 mana vipers
  A sphinx zombie (Crypt:1)
  4 orc sorcerers (Orc:2)
  29 deep elf zephyrmancers
  2 wolf spiders
  3 cyclopes
  4 will-o-the-wisps
  4 manticores (D:13)
  A spectral ettin (Tar:1)
  2 manticores (shapeshifter)
  A human zombie (Vaults:3)
  A worldbinder (Abyss:3)
  3 salamanders (shapeshifter)
  A shadow dragon skeleton (Hell)
  19 salamanders
  3 guardian serpents (shapeshifter)
  An apocalypse crab (Abyss:3)
  A stone giant skeleton (Vaults:5)
  2 moths of wrath (shapeshifter)
  A spectral centaur (Tar:2)
  Maurice (Orc:2)
  57 black mambas
  A dire elephant zombie (Tomb:2)
  A gargoyle (D:12)
  8 elephants
  12 vault sentinels
  18 naga magi
  7 molten gargoyles
  13 guardian serpents
  A rust devil (Depths:4)
  An eye of devastation (Abyss:3)
  9 cane toads
  2 naga zombies
  13 smoke demons
  2 orange demons (Depths:4)
  3 dire elephant skeletons
  Joseph (Lair:1)
  2 rime drakes (shapeshifter) (WizLab)
  3 torpor snails (Lair:5)
  A centaur skeleton (D:15)
  9 unseen horrors
  9 komodo dragons
  5 hellions
  2 rime drakes (Lair:5)
  14 freezing wraiths
  7 storm dragon simulacra (IceCv)
  A hellwing (Depths:4)
  29 yaktaurs
  2 efreet
  An alligator snapping turtle skeleton (Crypt:1)
  A pale draconian skeleton (Crypt:2)
  3 golden dragon simulacra (IceCv)
  A komodo dragon (shapeshifter) (WizLab)
  2 ancient zymes (Abyss:3)
  11 guardian mummies
  A bunyip simulacrum (Hell)
  2 red devils
  A tormentor (Tar:1)
  An ice devil (Depths:4)
  4 spectral harpies
  A sea snake skeleton (Crypt:2)
  5 meliai
  A tarantella (shapeshifter) (WizLab)
  A harpy skeleton (Crypt:3)
  A meliai (shapeshifter) (WizLab)
  2 queen bees (shapeshifter)
  9 trolls
  A black draconian skeleton (Crypt:1)
  A polar bear (Lair:4)
  A troll (shapeshifter) (D:14)
  4 raiju (Abyss:3)
  A hornet (shapeshifter) (WizLab)
  42 slime creatures
  11 tyrant leeches
  11 dream sheep (Lair:5)
  2 ettin zombies
  A raiju (shapeshifter) (WizLab)
  12 hornets
  The ghost of ThatDude373 the Digger, an amateur DrEE of Hepliaklqana (D:7)
  9 blink frogs
  A stone giant simulacrum (Crypt:1)
  A snapping turtle (shapeshifter) (WizLab)
  A culicivora (shapeshifter) (WizLab)
  2 spriggans (shapeshifter) (WizLab)
  60 flying skulls
  2 centaur simulacra (D:15)
  3 ynoxinuls
  A jumping spider (shapeshifter) (WizLab)
  An air elemental (Elf:1)
  7 ushabtiu
  3 humans (shapeshifter) (WizLab)
  7 shadows
  10 spriggans
  A water elemental (Elf:2)
  3 wyverns
  17 wraiths
  32 yaks
  2 vampires
  4 humans (Lair:4)
  A black mamba skeleton (Crypt:1)
  3 golden eyes (shapeshifter) (WizLab)
  A hog (shapeshifter) (WizLab)
  A yak (shapeshifter) (Vaults:5)
  Grum (D:11)
  6 basilisks
  A minotaur simulacrum (Hell)
  6 steam dragons
  2 dire elephant simulacra (Hell)
  An alligator snapping turtle simulacrum (Tomb:2)
  3 chaos spawn
  6 swamp worm simulacra (Swamp:4)
  5 fire elementals
  3 hogs (Lair:4)
  A neqoxec (Abyss:3)
  A yaktaur simulacrum (Vaults:3)
  13 small abominations
  2 two-headed ogre zombies (D:11)
  Menkaure (D:5)
  5 vampire mosquitoes
  Edmund (D:5)
  3 wargs
  A harpy simulacrum (Hell)
  49 nagas
  16 swamp worms
  A swamp worm (shapeshifter) (Elf:1)
  2 acid dragons
  2 floating eyes (shapeshifter)
  14 large abominations
  7 water moccasins
  4 floating eyes (WizLab)
  6 hell hounds
  A deep troll skeleton (Crypt:2)
  A glowing shapeshifter skeleton (Vaults:3)
  14 hydra simulacra (Swamp:4)
  34 orc warriors
  3 swamp drakes (Swamp:4)
  2 black bears
  2 sky beasts
  7 ice dragon simulacra (IceCv)
  An ogre (shapeshifter) (Depths:4)
  A manticore zombie (Crypt:1)
  8 centaurs
  A dream sheep skeleton (Crypt:1)
  6 ogres
  A boggart (Vaults:1)
  2 phantoms
  9 wolves
  6 kobold brigands
  9 bullfrogs
  2 earth elementals (Elf:1)
  11 necrophages
  A scorpion (D:6)
  A cyclops zombie (Crypt:2)
  2 human skeletons
  2 troll zombies (D:11)
  4 wights (D:9)
  2 human simulacra (Vaults:5)
  4 lindwurm simulacra (IceCv)
  A raiju skeleton (Crypt:2)
  8 howler monkeys
  An electric eel (Lair:2)
  5 lava snakes (Lair:5)
  A crimson imp (Abyss:1)
  22 starcursed masses
  A hound (D:5)
  3 jellies
  33 orc priests
  Crazy Yiuf (D:5)
  5 iguanas
  34 orc wizards
  5 hell rats (Lair:3)
  A deep dwarf zombie (Crypt:1)
  4 ogre zombies (D:11)
  24 mummies
  4 gnolls (D:7)
  13 adders
  A shadow imp (D:7)
  2 white imps
  4 ufetubi
  2 swamp drake simulacra (Swamp:4)
  A worm (D:3)
  4 dart slugs
  74 orcs
  5 bats
  14 endoplasms
  4 giant cockroaches
  4 goblins
  7 hobgoblins
  2 jackals (D:1)
  7 quokkas
  10 ball pythons
  4 frilled lizards
  A giant cockroach zombie (Crypt:2)
  A goblin zombie (D:11)
  9 hobgoblin zombies (D:11)
  23 kobolds
  3 orc skeletons (D:11)
  12 orc zombies (D:11)
  8 rats
  2 briar patches (Swamp:2)
2322 creatures vanquished.

Vanquished Creatures (others)
  A soul eater (Hell)
  A deep elf knight (Elf:3)
  2 deep elf pyromancers
  A black mamba (Lair:5)
  A naga mage (Snake:4)
  An unseen horror (D:13)
  A freezing wraith (Swamp:4)
  A bloated husk (Swamp:4)
  A swamp worm (Swamp:2)
  An orc warrior (Orc:2)
  An orc priest (Orc:2)
  An orc wizard (Orc:2)
  A shadow imp (Abyss:3)
  A briar patch (Swamp:2)
  24 foxfires (Swamp:1)
  18 fungi
  2 lurking horrors (Abyss:3)
  72 plants
  10 toadstools (D:6)
  19 withered plants (Swamp:2)
160 creatures vanquished.

Grand Total: 2482 creatures vanquished

Notes
Turn   | Place    | Note
-------+----------+-------------------------------------------
     0 | D:1      | UCchamp the Meteoran Fighter began the quest for the Orb.
     0 | D:1      | Reached XP level 1. HP: 19/19 MP: 2/2
    68 | D:1      | Reached XP level 2. HP: 26/26 MP: 3/3
   227 | D:1      | Reached XP level 3. HP: 11/31 MP: 4/4
   500 | D:1      | Glimpsed the power of Zot.
   533 | D:1      | Reached skill level 4 in Shields
   551 | D:1      | Glimpsed the power of Zot.
   591 | D:1      | Glimpsed the power of Zot.
   601 | D:1      | Touched by the power of Zot.
   703 | D:2      | Reached XP level 4. HP: 24/26 MP: 5/5
  1067 | D:3      | Reached XP level 5. HP: 36/37 MP: 6/6
  1313 | D:3      | Reached XP level 6. HP: 34/50 MP: 7/7
  1533 | D:3      | Reached skill level 5 in Unarmed Combat
  1693 | D:4      | Noticed an ogre
  1712 | D:4      | Killed an ogre
  1713 | D:4      | Reached skill level 5 in Armour
  1713 | D:4      | Reached skill level 5 in Shields
  1713 | D:4      | Reached XP level 7. HP: 18/60 MP: 8/8
  2045 | D:5      | Entered Level 5 of the Dungeon
  2046 | D:5      | Noticed a water moccasin
  2063 | D:5      | Killed a water moccasin
  2064 | D:5      | Reached skill level 5 in Fighting
  2096 | D:5      | Noticed Edmund
  2117 | D:5      | Reached XP level 8. HP: 53/68 MP: 9/9
  2130 | D:5      | Killed Edmund
  2152 | D:5      | Noticed Pikel
  2192 | D:5      | Killed Pikel
  2195 | D:5      | Gained mutation: You passively map the area around you.
                  | [Meteoran growth]
  2195 | D:5      | Reached XP level 9. HP: 49/75 MP: 10/10
  2354 | D:5      | Found a runed translucent door.
  2355 | D:5      | Noticed Crazy Yiuf
  2360 | D:5      | Killed Crazy Yiuf
  2504 | D:5      | Noticed Menkaure
  2514 | D:5      | Killed Menkaure
  2680 | D:6      | Noticed a slime creature
  2680 | D:6      | Noticed a slime creature
  2820 | D:6      | Killed a slime creature
  2821 | D:6      | Reached skill level 10 in Unarmed Combat
  3056 | D:6      | Killed a slime creature
  3057 | D:6      | Reached XP level 10. HP: 60/86 MP: 11/11
  3348 | D:7      | Found a runed translucent gate.
  3349 | D:7      | Found a runed translucent gate.
  3349 | D:7      | Noticed a boulder beetle
  3351 | D:7      | Found a runed translucent gate.
  3351 | D:7      | Noticed ThatDude373's ghost (amateur DrEE)
  3373 | D:7      | Noticed a cyclops
  3710 | D:7      | Found a staircase to the Ecumenical Temple.
  3715 | Temple   | Entered the Ecumenical Temple
  3715 | Temple   | Found a transporter.
  3715 | Temple   | Found a transporter.
  3717 | Temple   | Found a transporter.
  3717 | Temple   | Found a transporter.
  3733 | Temple   | Became a worshipper of Warmaster Okawaru
  3791 | D:7      | Found a hide-covered altar of Uskayaw.
  3923 | D:8      | Reached skill level 1 in Invocations
  3939 | D:8      | Noticed a two-headed ogre
  3944 | D:8      | Killed a two-headed ogre
  3944 | D:8      | Reached * piety under Okawaru
  4007 | D:8      | Found a basalt altar of Yredelemnul.
  4007 | D:8      | Found a radiant altar of Vehumet.
  4096 | D:8      | Paralysed by a hornet for 3 turns
  4103 | D:8      | Reached ** piety under Okawaru
  4104 | D:8      | Reached XP level 11. HP: 53/95 MP: 12/14
  4258 | D:7      | Killed ThatDude373's ghost
  4262 | D:7      | Killed a cyclops
  4269 | D:7      | Killed a boulder beetle
  4269 | D:7      | Reached *** piety under Okawaru
  4375 | D:9      | Reached skill level 5 in Invocations
  4386 | D:9      | Reached skill level 10 in Armour
  4454 | D:9      | Reached **** piety under Okawaru
  4576 | D:9      | Found a staircase to the Lair.
  4935 | Lair:1   | Entered Level 1 of the Lair of Beasts
  4935 | Lair:1   | Noticed Gastronok
  4945 | Lair:1   | Reached ***** piety under Okawaru
  4945 | Lair:1   | Received a gift from Okawaru
  4953 | Lair:1   | Killed Gastronok
  4953 | Lair:1   | Received a gift from Okawaru
  4954 | Lair:1   | Reached skill level 10 in Fighting
  4954 | Lair:1   | Reached XP level 12. HP: 53/106 MP: 16/16
  4968 | Lair:1   | Noticed Joseph
  4980 | Lair:1   | Killed Joseph
  4981 | Lair:1   | Reached skill level 15 in Unarmed Combat
  5109 | Lair:1   | Received a gift from Okawaru
  5123 | Lair:1   | Received a gift from Okawaru
  5140 | Lair:1   | Received a gift from Okawaru
  5141 | Lair:1   | Reached skill level 5 in Throwing
  5175 | Lair:1   | Noticed Fannar
  5199 | Lair:1   | Killed Fannar
  5441 | Lair:2   | Found a staircase to the Snake Pit.
  5618 | Lair:2   | Noticed a bog body
  5627 | Lair:2   | Killed a bog body
  5628 | Lair:2   | Reached XP level 13. HP: 86/113 MP: 14/17
  5632 | Lair:2   | Found a staircase to the Swamp.
  5770 | Lair:3   | Noticed a four-headed hydra
  5785 | Lair:3   | Killed a four-headed hydra
  5862 | Lair:3   | Identified a scroll of acquirement
  5862 | Lair:3   | Acquired the amulet of Monotheism {Reflect +Blink SH+5}
  5878 | Lair:3   | Noticed a six-headed hydra
  5893 | Lair:3   | Killed a six-headed hydra
  5894 | Lair:3   | Reached skill level 1 in Evocations
  6035 | Lair:3   | Noticed Snorg
  6081 | Lair:3   | Killed Snorg
  6093 | Lair:3   | Received a gift from Okawaru
  6295 | Lair:3   | Noticed Sonja
  6302 | Lair:3   | Killed Sonja
  6370 | Lair:4   | Noticed a seven-headed hydra
  6381 | Lair:4   | Killed a seven-headed hydra
  6382 | Lair:4   | Reached skill level 1 in Dodging
  6471 | Lair:4   | Identified the +2 hat "Nimau" {Dex+5}
  6709 | Lair:4   | Noticed Rupert
  6733 | Lair:4   | Killed Rupert
  6733 | Lair:4   | Received a gift from Okawaru
  6832 | Lair:4   | Noticed Kirke
  6849 | Lair:4   | Killed Kirke
  6920 | Lair:5   | Entered Level 5 of the Lair of Beasts
  6925 | Lair:5   | Noticed a five-headed hydra
  6932 | Lair:5   | Killed a five-headed hydra
  6933 | Lair:5   | Reached XP level 14. HP: 112/121 MP: 15/18
  6936 | Lair:5   | Reached skill level 5 in Evocations
  6945 | Lair:5   | Found a dark tunnel.
  7000 | Lair:5   | Identified the +6 executioner's axe of the Jolly Ears
                  | {vorpal, Int+4} (Okawaru gifted it to you on level 5 of the
                  | Lair of Beasts)
  7000 | Lair:5   | Received a gift from Okawaru
  7002 | Lair:5   | HP: 2/121 [blink frog (5)]
  7089 | Volcano  | Entered a volcano
  7231 | Volcano  | Found the +2 cloak of the Thief {*Fog Slay-2 SInv Stlth+}
  7231 | Volcano  | Noticed a fire dragon
  7260 | Volcano  | Killed a fire dragon
  7387 | Lair:5   | Reached skill level 5 in Dodging
  7475 | Lair:5   | Received a gift from Okawaru
  7481 | Lair:5   | Reached skill level 10 in Throwing
  7566 | Lair:5   | Found a runed translucent door.
  7567 | Lair:5   | Found a viscous altar of Jiyva.
  7569 | Lair:5   | Found a staircase to the Slime Pits.
  7693 | Lair:5   | Identified the +2 chain mail of Temperance {rN+ Int+2}
                  | (Okawaru gifted it to you on level 5 of the Lair of Beasts)
  7693 | Lair:5   | Received a gift from Okawaru
  7777 | Lair:5   | Reached XP level 15. HP: 108/126 MP: 17/20
  7809 | Lair:5   | Found a large runed translucent door.
  7809 | Lair:5   | Found a large runed translucent door.
  8182 | D:10     | Entered Level 10 of the Dungeon
  8821 | D:11     | Found a staircase to the Orcish Mines.
  8892 | D:11     | Noticed Grum
  8906 | D:11     | Killed Grum
  9002 | D:11     | Gained mutation: Your mind is acute. (Int +4, Str/Dex -1)
                  | [potion of mutation]
  9002 | D:11     | Gained mutation: You have very sharp teeth. [potion of
                  | mutation]
  9762 | D:13     | Identified the +5 rapier of Glory {vamp, Will+ MP+9}
                  | (Okawaru gifted it to you on level 13 of the Dungeon)
  9762 | D:13     | Received a gift from Okawaru
  9792 | D:13     | Reached ****** piety under Okawaru
  9927 | D:13     | Found a gate to the Vaults.
  9985 | D:13     | Received a gift from Okawaru
  9998 | D:13     | Reached XP level 16. HP: 105/134 MP: 21/21
 10262 | D:13     | Identified the +0 plate armour of Awe {rF+ Will+ Int+2
                  | Slay+3} (Okawaru gifted it to you on level 13 of the
                  | Dungeon)
 10262 | D:13     | Received a gift from Okawaru
 10527 | D:14     | Found a runed translucent gate.
 10527 | D:14     | Found a runed translucent gate.
 10527 | D:14     | Found a runed translucent gate.
 10531 | D:14     | Noticed Wuupn's ghost (journeyman MiBe)
 10561 | D:14     | Killed Wuupn's ghost
 10694 | D:14     | Found a stormy altar of Qazlal.
 10705 | D:14     | Identified Roxanne's Octavo of Shaping
 10705 | D:14     | Noticed Roxanne
 10718 | D:14     | Killed Roxanne
 10808 | D:14     | Reached skill level 6 in Shields
 10928 | D:14     | Found a radiant altar of Vehumet.
 11081 | D:15     | Entered Level 15 of the Dungeon
 11134 | D:15     | Noticed Josephine
 11145 | D:15     | Killed Josephine
 11254 | D:15     | Received a gift from Okawaru
 11266 | D:15     | Reached skill level 7 in Shields
 11342 | D:15     | Received a gift from Okawaru
 11761 | Orc:1    | Entered Level 1 of the Orcish Mines
 11861 | Orc:2    | Entered Level 2 of the Orcish Mines
 11868 | Orc:2    | Found Tioscharch's Assorted Antiques.
 11888 | Orc:2    | Reached XP level 17. HP: 132/140 MP: 22/22
 11932 | Orc:1    | Identified the +1 ring mail of the Game of Kings {Fly rC+
                  | rN+ Int+3} (Okawaru gifted it to you on level 1 of the
                  | Orcish Mines)
 11932 | Orc:1    | Received a gift from Okawaru
 12000 | Orc:1    | Found a shimmering blue altar of Sif Muna.
 12166 | Orc:2    | Noticed Maurice
 12174 | Orc:2    | Killed Maurice
 12363 | Orc:2    | Found a staircase to the Elven Halls.
 12363 | Orc:2    | Noticed Urug
 12379 | Orc:2    | Killed Urug
 12506 | Orc:2    | Reached skill level 8 in Shields
 12607 | Orc:2    | Found Dirap's General Store.
 12607 | Orc:2    | Found Lineikhe's Jewellery Boutique.
 12608 | Orc:2    | Found Zaeph's Antique Armour Boutique.
 12608 | Orc:2    | Found Cyblu's Antique Weapon Shop.
 12614 | Orc:2    | Bought the ring of Mestevva {*Corrode rN+ Will+ EV+4
                  | Slay+6} for 868 gold pieces
 12713 | Elf:1    | Entered Level 1 of the Elven Halls
 12731 | Elf:1    | Found a radiant altar of Vehumet.
 13010 | Elf:1    | Received a gift from Okawaru
 13011 | Elf:1    | Reached skill level 9 in Shields
 13105 | Elf:1    | Paralysed by an air elemental for 1 turns
 13109 | Elf:1    | Found Ygydo's Armour Emporium.
 13109 | Elf:1    | Found Qounkyen's Antique Weapon Shoppe.
 13113 | Elf:1    | Found Unkag's Magic Scroll Shoppe.
 13116 | Elf:1    | Found Gof Rom's Antique Armour Emporium.
 13186 | Elf:1    | Received a gift from Okawaru
 13192 | Elf:1    | Reached skill level 15 in Armour
 13244 | Elf:1    | Glimpsed the power of Zot.
 13282 | Elf:1    | Found Jaffat's General Store.
 13287 | Elf:1    | Bought a scroll of blinking for 127 gold pieces
 13296 | Elf:1    | Glimpsed the power of Zot.
 13336 | Elf:1    | Glimpsed the power of Zot.
 13346 | Elf:1    | Touched by the power of Zot.
 13379 | Elf:2    | Gained mutation: You passively map a large area around you.
                  | [Meteoran growth]
 13379 | Elf:2    | Reached XP level 18. HP: 62/115 MP: 23/23
 13638 | Elf:2    | Reached skill level 10 in Shields
 13720 | Elf:2    | Received a gift from Okawaru
 13824 | Elf:2    | Found a runed translucent gate.
 13824 | Elf:2    | Found a runed translucent gate.
 13824 | Elf:2    | Found a runed translucent gate.
 13911 | Elf:2    | Reached skill level 15 in Throwing
 13924 | Elf:2    | Identified the +6 chain mail of the Red Skies {SInv}
                  | (Okawaru gifted it to you on level 2 of the Elven Halls)
 13924 | Elf:2    | Received a gift from Okawaru
 13936 | Elf:2    | Reached skill level 10 in Dodging
 13948 | Elf:2    | Reached skill level 11 in Shields
 14111 | Elf:2    | Glimpsed the power of Zot.
 14140 | Elf:3    | Entered Level 3 of the Elven Halls
 14158 | Elf:3    | Gained mutation: You are frail. (-10% HP) [a shining eye]
 14191 | Elf:3    | Found Ejoown's Assorted Antiques.
 14303 | Elf:3    | Noticed a deep elf blademaster
 14342 | Elf:3    | Noticed a Tzitzimitl
 14345 | Elf:3    | Reached XP level 19. HP: 85/145 MP: 22/24
 14357 | Elf:3    | Noticed a deep elf master archer
 14365 | Elf:3    | Killed a deep elf blademaster
 14365 | Elf:3    | Killed a deep elf master archer
 14366 | Elf:3    | Reached skill level 12 in Shields
 14416 | Elf:3    | Noticed a deep elf master archer
 14419 | Elf:3    | Killed a deep elf master archer
 14434 | Elf:3    | Identified the +5 spear of Duty {elec, *Corrode rF+ Int+2}
 14442 | Elf:3    | Identified the +7 quarterstaff of Punishment {drain, Str+4}
 14442 | Elf:3    | Identified the ring "Xizub" {rPois rN+ Str+3 SInv}
 14444 | Elf:3    | Identified the +2 spear "Jokk" {vorpal, rPois Str+4 Stlth+}
 14444 | Elf:3    | Identified the ring of Gare {Will+ EV+4 Int+3 Dex+6}
 14447 | Elf:3    | Received a gift from Okawaru
 14520 | Elf:3    | Got the Tome of Unhallowed Magicks
 14549 | Elf:3    | Noticed a deep elf blademaster
 14562 | Elf:3    | Killed a deep elf blademaster
 14572 | Elf:3    | Identified the +2 ring mail of Misanthropy {Dex+3}
 14582 | Elf:3    | Found the +8 mithril axe "Arga" {speed, Will+}
 14613 | Elf:3    | Reached skill level 13 in Shields
 14766 | Elf:1    | Glimpsed the power of Zot.
 14818 | Elf:1    | Glimpsed the power of Zot.
 14857 | Elf:3    | Glimpsed the power of Zot.
 14867 | Elf:3    | Touched by the power of Zot.
 14967 | Elf:1    | Glimpsed the power of Zot.
 15168 | Swamp:1  | Entered Level 1 of the Swamp
 15372 | Swamp:1  | Received a gift from Okawaru
 15572 | Swamp:2  | Reached skill level 14 in Shields
 15583 | Swamp:2  | Noticed Nikola
 15626 | Swamp:2  | Killed Nikola
 15693 | Swamp:2  | Reached XP level 20. HP: 151/157 MP: 25/25
 15721 | Swamp:2  | Reached skill level 15 in Fighting
 15783 | Swamp:2  | Noticed Aizul
 15797 | Swamp:2  | Killed Aizul
 16035 | Swamp:3  | Received a gift from Okawaru
 16095 | Swamp:3  | Reached skill level 15 in Shields
 16099 | Swamp:3  | Received a gift from Okawaru
 16405 | Swamp:4  | Entered Level 4 of the Swamp
 16615 | Swamp:4  | Identified the +10 shadow dragon scales of Summer {Will+
                  | Stlth++++} (Okawaru gifted it to you on level 4 of the
                  | Swamp)
 16615 | Swamp:4  | Received a gift from Okawaru
 16674 | Swamp:4  | Found a frozen archway.
 16695 | IceCv    | Entered an ice cave
 16800 | IceCv    | Noticed a golden dragon
 16814 | IceCv    | Killed a golden dragon
 16895 | IceCv    | Identified the amulet of Lyonapse {RegenMP Fly rC- rN+
                  | Str+2}
 16900 | IceCv    | Identified the ring of Lust {rElec AC+4 Slay+2}
 17187 | Swamp:4  | Acquired a manual of Throwing
 17331 | Swamp:4  | Got a decaying rune of Zot
 17633 | Snake:1  | Entered Level 1 of the Snake Pit
 17642 | Snake:1  | Found Sytom's Assorted Antiques.
 17784 | Snake:1  | Reached XP level 21. HP: 166/174 MP: 20/26
 17798 | Snake:1  | Found Lyurec's Jewellery Emporium.
 17814 | Snake:1  | Bought the ring of Ykireasu {rPois rC+ rCorr MP+9 Dex+3}
                  | for 801 gold pieces
 17831 | Snake:1  | Found Rurph's Armour Shoppe.
 17868 | Snake:1  | Bought a +0 tower shield for 63 gold pieces
 17964 | Snake:1  | Found Hiusa's Magic Scroll Emporium.
 17985 | Snake:2  | Noticed Jorgrun
 18000 | Snake:2  | Killed Jorgrun
 18050 | Snake:2  | Found a runed translucent door.
 18050 | Snake:2  | Found a shimmering altar of Xom.
 18050 | Snake:2  | Identified the +6 ring mail of Dun Zyro {rCorr}
 18050 | Snake:2  | Identified the +7 demon trident of Neklyel {chaos, rElec}
 18050 | Snake:2  | Noticed Geoferav's ghost (adept MiFi)
 18057 | Snake:2  | Received a gift from Okawaru
 18068 | Snake:2  | Killed Geoferav's ghost
 18615 | Snake:2  | Received a gift from Okawaru
 19213 | Snake:3  | Identified the +4 quarterstaff "Ycoosas" {vorpal, rPois
                  | Will+} (Okawaru gifted it to you on level 3 of the Snake
                  | Pit)
 19213 | Snake:3  | Received a gift from Okawaru
 19286 | Snake:3  | Reached skill level 16 in Shields
 19293 | Snake:3  | Reached skill level 10 in Evocations
 19419 | Snake:3  | Reached XP level 22. HP: 183/183 MP: 29/29
 19457 | Snake:4  | Entered Level 4 of the Snake Pit
 19583 | Snake:4  | Noticed Donald
 19585 | Snake:4  | Found a bloodstained altar of Trog.
 19595 | Snake:4  | Killed Donald
 19718 | Snake:4  | Received a gift from Okawaru
 19794 | Snake:4  | Identified the +0 scale mail of the Queen of Wands {rF+}
                  | (Okawaru gifted it to you on level 4 of the Snake Pit)
 19794 | Snake:4  | Received a gift from Okawaru
 20164 | Snake:4  | Glimpsed the power of Zot.
 20216 | Snake:4  | Glimpsed the power of Zot.
 20256 | Snake:4  | Glimpsed the power of Zot.
 20268 | Snake:4  | Touched by the power of Zot.
 20389 | Snake:4  | Glimpsed the power of Zot.
 20392 | Snake:4  | Reached skill level 17 in Shields
 20412 | Snake:4  | Got a serpentine rune of Zot
 20445 | Snake:4  | Glimpsed the power of Zot.
 20485 | Snake:4  | Glimpsed the power of Zot.
 20495 | Snake:2  | Touched by the power of Zot.
 20596 | Lair:2   | Glimpsed the power of Zot.
 20645 | Lair:1   | Glimpsed the power of Zot.
 20752 | Vaults:1 | Entered Level 1 of the Vaults
 20752 | Vaults:1 | Found Puvog's Distillery.
 20761 | Vaults:1 | Bought 2 potions of resistance for 400 gold pieces
 20761 | Vaults:1 | Bought a potion of resistance for 200 gold pieces
 20761 | Vaults:1 | Bought a potion of might for 80 gold pieces
 20795 | Vaults:1 | Reached XP level 23. HP: 66/122 MP: 30/30
 20876 | Vaults:1 | Received a gift from Okawaru
 20964 | Vaults:1 | Received a gift from Okawaru
 21117 | Vaults:1 | Received a gift from Okawaru
 21304 | Vaults:1 | Glimpsed the power of Zot.
 21355 | Vaults:1 | Glimpsed the power of Zot.
 21431 | Vaults:2 | Identified the +2 ring mail of the Unstoppable Knives {Harm
                  | Dex+6} (Okawaru gifted it to you on level 2 of the Vaults)
 21431 | Vaults:2 | Received a gift from Okawaru
 21721 | Vaults:3 | You fall into a shaft and drop 1 floor!
 22120 | Vaults:5 | Entered Level 5 of the Vaults
 22169 | Vaults:5 | Received a gift from Okawaru
 22171 | Vaults:5 | Reached XP level 24. HP: 111/200 MP: 30/30
 22179 | Vaults:5 | Received a gift from Okawaru
 22209 | Vaults:5 | Reached skill level 18 in Shields
 22212 | Vaults:5 | Identified the +6 morningstar of the Land of Plenty
                  | {vorpal, Int+3}
 22249 | Vaults:5 | Received a gift from Okawaru
 22302 | Vaults:5 | Identified the ring "Mees" {rElec rN+ Dex+6}
 22376 | Vaults:5 | Identified the +3 hand axe "Maajubretuph" {flame, rF+ Int+8
                  | Dex+2} (Okawaru gifted it to you on level 5 of the Vaults)
 22376 | Vaults:5 | Received a gift from Okawaru
 22493 | Vaults:5 | Identified the +7 short sword of the Usurping Goat {drain,
                  | rElec rC+}
 22636 | Vaults:5 | Reached skill level 10 in Invocations
 22774 | Vaults:5 | Received a gift from Okawaru
 22812 | Vaults:5 | Identified the ring of Konem {Wiz Str+6 Slay+2 Stlth-}
 22824 | Vaults:5 | Found the +3 crown of Dyrovepreva {rElec Int+2 SInv}
 22925 | Vaults:5 | Identified the amulet of Gouptoir {RegenMP *Corrode rN+
                  | Regen+}
 23093 | Vaults:5 | Noticed a golden dragon
 23106 | Vaults:5 | Killed a golden dragon
 23179 | Vaults:5 | Reached XP level 25. HP: 171/197 MP: 31/31
 23238 | Vaults:5 | Got a silver rune of Zot
 23374 | Vaults:5 | Identified the +2 robe of Chill Winds {rC+ Will+ Str+4}
 23529 | Vaults:5 | Found Hiro's Weapon Shop.
 23678 | Vaults:3 | Reached skill level 19 in Shields
 23964 | Vaults:3 | Found a portal to a secret trove of treasure.
 23968 | Vaults:3 | Glimpsed the power of Zot.
 24004 | Vaults:3 | Found Kaychege's General Store.
 24019 | Vaults:3 | Glimpsed the power of Zot.
 24065 | Vaults:3 | Glimpsed the power of Zot.
 24076 | Vaults:3 | Touched by the power of Zot.
 24079 | Vaults:3 | Reached skill level 15 in Dodging
 24185 | Vaults:2 | Glimpsed the power of Zot.
 24238 | Vaults:2 | Glimpsed the power of Zot.
 24279 | Vaults:2 | Glimpsed the power of Zot.
 24291 | Vaults:2 | Touched by the power of Zot.
 24371 | Vaults:2 | Identified the +10 double sword of Bacefo {vorpal, rPois
                  | rF- Will++ rCorr} (Okawaru gifted it to you on level 2 of
                  | the Vaults)
 24371 | Vaults:2 | Received a gift from Okawaru
 24401 | Vaults:2 | Glimpsed the power of Zot.
 24456 | Vaults:2 | Glimpsed the power of Zot.
 24498 | Vaults:2 | Glimpsed the power of Zot.
 24508 | Vaults:2 | Touched by the power of Zot.
 24558 | Vaults:2 | Found a staircase to the Crypt.
 24558 | Vaults:2 | Found an ancient bone altar of Kikubaaqudgha.
 24559 | Vaults:2 | Found a basalt altar of Yredelemnul.
 24565 | Crypt:1  | Entered Level 1 of the Crypt
 24575 | Crypt:1  | Noticed a royal mummy
 24589 | Crypt:1  | Killed a royal mummy
 24591 | Crypt:1  | Noticed Khufu
 24608 | Crypt:1  | Killed Khufu
 24608 | Crypt:1  | HP: 5/115 [something (9)]
 24999 | Crypt:1  | Reached skill level 20 in Shields
 25005 | Crypt:1  | Reached XP level 26. HP: 185/199 MP: 23/31
 25087 | Crypt:2  | Received a gift from Okawaru
 25199 | Crypt:2  | Noticed Margery
 25212 | Crypt:2  | Killed Margery
 25219 | Crypt:2  | Received a gift from Okawaru
 25299 | Crypt:2  | Found a basalt altar of Yredelemnul.
 25385 | Crypt:2  | Noticed a dread lich
 25392 | Crypt:2  | Noticed a dread lich
 25407 | Crypt:2  | Killed a dread lich
 25407 | Crypt:2  | Received a gift from Okawaru
 25409 | Crypt:2  | Killed a dread lich
 25416 | Crypt:2  | Received a gift from Okawaru
 25495 | Crypt:3  | Entered Level 3 of the Crypt
 25567 | Crypt:3  | Received a gift from Okawaru
 25701 | Crypt:3  | Found a basalt altar of Yredelemnul.
 26150 | Crypt:3  | Found a staircase to the Tomb.
 26202 | Tomb:1   | Entered Level 1 of the Tomb of the Ancients
 26301 | Tomb:1   | Reached XP level 27. HP: 220/228 MP: 32/32
 26424 | Tomb:1   | Received a gift from Okawaru
 26430 | Tomb:1   | Noticed Mennas
 26469 | Tomb:1   | Killed Mennas
 26564 | Tomb:1   | Received a gift from Okawaru
 26650 | Tomb:1   | Identified the +6 short sword of the Sharing Gods {freeze,
                  | Will+ Dex+2}
 26650 | Tomb:1   | Noticed a royal mummy
 26659 | Tomb:1   | Killed a royal mummy
 26659 | Tomb:1   | Received a gift from Okawaru
 26708 | Tomb:2   | Reached skill level 21 in Shields
 26708 | Tomb:2   | Noticed a royal mummy
 26710 | Tomb:2   | Noticed a royal mummy
 26710 | Tomb:2   | Noticed a royal mummy
 26711 | Tomb:2   | Noticed a royal mummy
 26711 | Tomb:2   | Noticed a royal mummy
 26732 | Tomb:2   | Received a gift from Okawaru
 26829 | Arena    | Entered the Arena
 26861 | Tomb:2   | Received a gift from Okawaru
 26926 | Tomb:2   | HP: 9/228 [royal mummy/divine providence (11)]
 26927 | Tomb:2   | HP: 2/228 [royal mummy/divine providence (11)]
 26997 | Tomb:2   | HP: 11/228 [royal mummy/divine providence (15)]
 26998 | Tomb:2   | Killed a royal mummy
 27000 | Tomb:2   | HP: 1/223 [royal mummy/divine providence (11)]
 27002 | Arena    | Entered the Arena
 27007 | Arena    | Killed a royal mummy
 27022 | Tomb:2   | Killed a royal mummy
 27023 | Arena    | Entered the Arena
 27027 | Arena    | Killed a royal mummy
 27041 | Tomb:2   | Killed a royal mummy
 27105 | Tomb:2   | Identified the +3 swamp dragon scales "Buhah" {Harm rPois
                  | Will- Int+2 SInv} (Okawaru gifted it to you on level 2 of
                  | the Tomb of the Ancients)
 27105 | Tomb:2   | Received a gift from Okawaru
 27196 | Tomb:2   | Identified the +3 chain mail of Refuge {Dex+2}
 27341 | Tomb:1   | Noticed a royal mummy
 27341 | Tomb:1   | Noticed a royal mummy
 27342 | Tomb:1   | Noticed a royal mummy
 27342 | Tomb:1   | Noticed a royal mummy
 27342 | Tomb:1   | Noticed a royal mummy
 27342 | Tomb:1   | Noticed a royal mummy
 27343 | Tomb:1   | Noticed a royal mummy
 27658 | Vaults:1 | Glimpsed the power of Zot.
 27836 | D:15     | Found a staircase to the Depths.
 27854 | Depths:1 | Entered Level 1 of the Depths
 27908 | Depths:1 | Reached skill level 22 in Shields
 28085 | Depths:1 | Noticed Mara
 28103 | Depths:1 | Killed Mara
 28280 | Depths:1 | Found Yxiggor's Distillery.
 28347 | Depths:1 | Found a gateway to Hell.
 28352 | Hell     | Entered the Vestibule of Hell
 28352 | Hell     | Noticed Geryon
 28382 | Hell     | Killed Geryon
 28415 | Arena    | Entered the Arena
 28472 | Depths:1 | Glimpsed the power of Zot.
 28500 | Depths:2 | Found a one-way gate to the infinite horrors of the Abyss.
 28511 | Depths:2 | Voluntarily entered the Abyss.
 28665 | Abyss:3  | Paralysed by accursed screaming for 2 turns
 28672 | Abyss:3  | Paralysed by accursed screaming for 2 turns
 28681 | Abyss:3  | Paralysed by accursed screaming for 1 turns
 28682 | Abyss:3  | HP: 10/228 [starcursed mass/accursed screaming (16)]
 28789 | Abyss:3  | Found a corrupted altar of Lugonu.
 29009 | Abyss:3  | Got an abyssal rune of Zot
 29028 | Depths:2 | Escaped the Abyss
 29055 | Depths:2 | Reached skill level 23 in Shields
 29239 | Depths:2 | Identified the -2 tower shield "Xyos" {rCorr} (Okawaru
                  | gifted it to you on level 2 of the Depths)
 29239 | Depths:2 | Received a gift from Okawaru
 29566 | Depths:2 | Identified the ring "Duso Mio" {Fly rPois}
 29578 | Depths:2 | Noticed a juggernaut
 29593 | Depths:2 | Killed a juggernaut
 29632 | Depths:2 | HP: 6/228 [living spell/divine providence[a walking divine
                  | tome] (12)]
 29634 | Arena    | Entered the Arena
 29694 | Depths:2 | Reached skill level 24 in Shields
 29721 | Depths:2 | Glimpsed the power of Zot.
 29771 | Depths:2 | Glimpsed the power of Zot.
 29780 | Depths:2 | Identified the ring of Tufeutt {rN+ EV+4}
 30015 | Depths:4 | Entered Level 4 of the Depths
 30067 | Depths:4 | Received a gift from Okawaru
 30098 | Depths:4 | Found a one-way gateway to a ziggurat.
 30132 | Depths:4 | Found a magical portal.
 30145 | WizLab   | Entered Cigotuvi's Fleshworks
 30304 | WizLab   | Paralysed by a floating eye for 2 turns
 30311 | WizLab   | Paralysed by a floating eye for 4 turns
 30343 | WizLab   | Paralysed by a floating eye for 2 turns
 30353 | WizLab   | Paralysed by a floating eye for 3 turns
 30358 | WizLab   | Received a gift from Okawaru
 30406 | WizLab   | Identified the ring of Neurosis {Will- MP+9 AC+4 Dex+2}
 30466 | WizLab   | Got Cigotuvi's Incunable of Shaping and Exhumation
 30660 | WizLab   | Received a gift from Okawaru
 30710 | WizLab   | Glimpsed the power of Zot.
 30760 | WizLab   | Glimpsed the power of Zot.
 30768 | WizLab   | Lost mutation: Your mind is acute. (Int +4, Str/Dex -1)
                  | [potion of mutation]
 30768 | WizLab   | Lost mutation: You have very sharp teeth. [potion of
                  | mutation]
 30768 | WizLab   | Lost mutation: You are frail. (-10% HP) [potion of
                  | mutation]
 30768 | WizLab   | Gained mutation: You have a pair of small antennae on your
                  | head. [potion of mutation]
 30769 | WizLab   | Lost mutation: You have a pair of small antennae on your
                  | head. [potion of mutation]
 30769 | WizLab   | Gained mutation: You are clumsy. (Dex -2) [potion of
                  | mutation]
 30769 | WizLab   | Gained mutation: You have sharp toenails. [potion of
                  | mutation]
 30769 | WizLab   | Gained mutation: You expend magic power (3 MP) to
                  | strengthen your wands. [potion of mutation]
 30769 | WizLab   | Gained mutation: You are strong-willed. (Will+) [potion of
                  | mutation]
 30770 | WizLab   | Lost mutation: You are clumsy. (Dex -2) [potion of
                  | mutation]
 30770 | WizLab   | Lost mutation: You have sharp toenails. [potion of
                  | mutation]
 30770 | WizLab   | Gained mutation: You are occasionally teleported next to
                  | monsters. [potion of mutation]
 30770 | WizLab   | Gained mutation: Your body sometimes deteriorates upon
                  | taking damage. [potion of mutation]
 30770 | WizLab   | Gained mutation: Your flesh is heat resistant. (rF+)
                  | [potion of mutation]
 30771 | WizLab   | Lost mutation: You are strong-willed. (Will+) [potion of
                  | mutation]
 30771 | WizLab   | Lost mutation: Your body sometimes deteriorates upon taking
                  | damage. [potion of mutation]
 30771 | WizLab   | Lost mutation: Your flesh is heat resistant. (rF+) [potion
                  | of mutation]
 30771 | WizLab   | Lost mutation: You expend magic power (3 MP) to strengthen
                  | your wands. [potion of mutation]
 30771 | WizLab   | Gained mutation: You are strong-willed. (Will+) [potion of
                  | mutation]
 30771 | WizLab   | Gained mutation: You have large cloven feet. [potion of
                  | mutation]
 30772 | WizLab   | Lost mutation: You are occasionally teleported next to
                  | monsters. [potion of mutation]
 30772 | WizLab   | Lost mutation: You are strong-willed. (Will+) [potion of
                  | mutation]
 30772 | WizLab   | Gained mutation: You have hoof-like feet. [potion of
                  | mutation]
 30772 | WizLab   | Gained mutation: You are partially covered in iridescent
                  | scales. (AC +2) [potion of mutation]
 30773 | WizLab   | Lost mutation: You have hoof-like feet. [potion of
                  | mutation]
 30773 | WizLab   | Lost mutation: You are partially covered in iridescent
                  | scales. (AC +2) [potion of mutation]
 30773 | WizLab   | Lost mutation: You have large cloven feet. [potion of
                  | mutation]
 30773 | WizLab   | Gained mutation: You have supernaturally acute eyesight.
                  | (SInv) [potion of mutation]
 30773 | WizLab   | Gained mutation: You are frail. (-10% HP) [potion of
                  | mutation]
 30773 | WizLab   | Gained mutation: You have sharp fingernails. [potion of
                  | mutation]
 30774 | WizLab   | Lost mutation: You have supernaturally acute eyesight.
                  | (SInv) [potion of mutation]
 30774 | WizLab   | Lost mutation: You have sharp fingernails. [potion of
                  | mutation]
 30774 | WizLab   | Lost mutation: You are frail. (-10% HP) [potion of
                  | mutation]
 30774 | WizLab   | Gained mutation: Your mind is acute. (Int +4, Str/Dex -1)
                  | [potion of mutation]
 30775 | WizLab   | Lost mutation: Your mind is acute. (Int +4, Str/Dex -1)
                  | [potion of mutation]
 30775 | WizLab   | Gained mutation: You are partially covered in iridescent
                  | scales. (AC +2) [potion of mutation]
 30775 | WizLab   | Gained mutation: You have a pair of small antennae on your
                  | head. [potion of mutation]
 30776 | WizLab   | Lost mutation: You are partially covered in iridescent
                  | scales. (AC +2) [potion of mutation]
 30776 | WizLab   | Lost mutation: You have a pair of small antennae on your
                  | head. [potion of mutation]
 30776 | WizLab   | Gained mutation: You are partially covered in large bone
                  | plates. (SH +4) [potion of mutation]
 30776 | WizLab   | Gained mutation: You have hidden genetic defects. [potion
                  | of mutation]
 30776 | WizLab   | Gained mutation: You sometimes lose your temper in combat.
                  | [potion of mutation]
 30776 | WizLab   | Gained mutation: You expend magic power (3 MP) to
                  | strengthen your wands. [potion of mutation]
 30777 | WizLab   | Lost mutation: You are partially covered in large bone
                  | plates. (SH +4) [potion of mutation]
 30777 | WizLab   | Lost mutation: You expend magic power (3 MP) to strengthen
                  | your wands. [potion of mutation]
 30777 | WizLab   | Gained mutation: You are dopey. (Int -2) [potion of
                  | mutation]
 30777 | WizLab   | Gained mutation: You are partially covered in iridescent
                  | scales. (AC +2) [potion of mutation]
 30778 | WizLab   | Lost mutation: You are dopey. (Int -2) [potion of mutation]
 30778 | WizLab   | Lost mutation: You are partially covered in iridescent
                  | scales. (AC +2) [potion of mutation]
 30778 | WizLab   | Gained mutation: Your natural rate of healing is unusually
                  | fast. [potion of mutation]
 30778 | WizLab   | Gained mutation: You expend magic power (3 MP) to
                  | strengthen your wands. [potion of mutation]
 30778 | WizLab   | Lost mutation: You have hidden genetic defects. [potion of
                  | mutation]
 30779 | WizLab   | Lost mutation: Your natural rate of healing is unusually
                  | fast. [potion of mutation]
 30779 | WizLab   | Lost mutation: You sometimes lose your temper in combat.
                  | [potion of mutation]
 30779 | WizLab   | Gained mutation: Your muscles are strong. (Str +4, Int/Dex
                  | -1) [potion of mutation]
 30779 | WizLab   | Gained mutation: Your muscles are very strong. (Str +8,
                  | Int/Dex -2) [potion of mutation]
 30844 | Depths:4 | Paralysed by a wendigo for 1 turns
 30848 | Depths:4 | Received a gift from Okawaru
 30920 | Depths:4 | Found a one-way gate leading to the halls of Pandemonium.
 30959 | Depths:4 | Received a gift from Okawaru
 30989 | Depths:4 | Reached skill level 25 in Shields
 31100 | Hell     | Received a gift from Okawaru
 31154 | Hell     | Found a gateway to the decaying netherworld of Tartarus.
 31163 | Tar:1    | Entered Level 1 of Tartarus
 31181 | Tar:1    | Received a gift from Okawaru
 31709 | Tar:5    | Received a gift from Okawaru
 31729 | Tar:5    | HP: 9/225 [poison (dark miasma)]
 31730 | Tar:5    | Killed from afar by a Tzitzimitl

Illustrated notes

Levels and vault maps discovered:
D:1:      eino_arrival_water_cross, layout_loops_ring,
          minmay_misc_feat_ornament, chequers_avenue, due_unseen_surprise
D:2:      layout_rooms
D:3:      layout_loops_corners, serial_glass, glass_columns_a, glass_columns_c,
          minmay_fractal_squares_5
D:4:      layout_cave_pools
D:5:      layout_basic, uniq_crazy_yiuf_cottage, uniq_pikel, uniq_edmund,
          uniq_menkaure
D:6:      cheibrodos_fertilizer, layout_layer_cave, hex_medium
D:7:      layout_basic, lemuel_crystal_altar, temple_doors_ab,
          gammafunk_ghost_split
D:8:      layout_cave_pools, jmf_multi_god_temple
D:9:      layout_small_grid, dpeg_oklobed_lair, nicolae_fountain_basement
D:10:     layout_basic, minmay_misc_feat_four_crosses
D:11:     layout_basic, zombieorc2_lemuel, uniq_grum
D:12:     layout_irregular_city, nzn_wu_jian_council_hall
D:13:     minmay_four_partial_circles, layout_irregular_city,
          lightli_vaults_fourway_checkpoint
D:14:     layout_roguey, nicolae_vehumet_radiance,
          maelrawn_ghost_gauntlet_escape, nrook_mini_backslash,
          nicolae_qazlal_general_emergency, uniq_roxanne
D:15:     grunt_enter_depths_magical_seal, layout_loops_ring,
          chequers_serial_rivers_small_3, nrook_guardian_serpent_ordinary,
          uniq_josephine
Temple:   hellmonk_temple_divided_pantheon
Lair:1:   dragon1_lemuel, layout_gridlike, grunt_forest_small_clearing_treed,
          serial_bayou_shore_b, lemuel_fruit_fields, infiniplex_staircase_pool,
          uniq_fannar, uniq_joseph, uniq_gastronok
Lair:2:   layout_concentric_octagons, nicolae_swamp_entry_splash_gauntlet,
          guppyfry_snake_entry_garden
Lair:3:   layout_regular_city, uniq_snorg, uniq_sonja
Lair:4:   layout_cave_pods, uniq_rupert, uniq_kirke
Lair:5:   cheibrodos_lair_end_hotspot, layout_regular_city, slime_entry_2,
          enter_volcano_1, pond
Swamp:1:  layout_basic_swamp, nicolae_swamp_bean_lake
Swamp:2:  layout_basic_swamp, nicolae_swamp_very_dense_foliage, swamp_pool3,
          st_shrine_of_shade, uniq_aizul, uniq_nikola
Swamp:3:  layout_falls_marsh, evilmike_swamp_ruin_house_1
Swamp:4:  swamp_icy, layout_basic_swamp, portal_ice_cave_entry_frozen_things,
          swamp_pool5
Snake:1:  layout_onion, serial_shops, nicolae_shop_hallway_plus,
          nicolae_shop_hallway_stairs, shop_statue, nicolae_shop_trees
Snake:2:  hangedman_cross_veins, layout_layer_cave, ebering_ghost_xom,
          uniq_jorgrun
Snake:3:  layout_layer_cave, serial_bayou, serial_bayou_pond_e,
          serial_bayou_pond_d, serial_bayou_shore_b, serial_bayou_lagoon_a,
          serial_bayou_shore_b, lemuel_fruit_tree
Snake:4:  grunt_snake_rune_spirals, layout_onion, basic_altar, st_stairs_10,
          guppyfry_library_mini, uniq_donald
Orc:1:    layout_caves, nicolae_orc_flooded_monolith, kennysheep_orc_sif_temple
Orc:2:    st_orc_congregation, layout_diamond_mine, serial_shops, shop,
          uniq_maurice, uniq_urug
Elf:1:    eino_elf_arrival_altar, layout_geoelf_octagon, serial_shops, shop,
          minivault_28, minmay_shoptagon
Elf:2:    nicolae_elf_blades_splatter_lattice [nicolae_blade_entry_pointy_end],
          layout_geoelf_grid, minmay_elf_demonology
Elf:3:    grunt_elf_hall_spiral, layout_geoelf_octagon, serial_shops,
          nicolae_shop_crystal
Vaults:1: vaults_dpeg_hooks, hangedman_vaults_corner_blocks,
          ontoclasm_vaults_water_temple, nicolae_vaults_twisting_passages,
          v_alt_pattern_6, layout_vaults_quadrants, serial_shops,
          nicolae_square_shop
Vaults:2: ontoclasm_vaults_gateway, minmay_crypt_entry_necro_gods,
          hangedman_vaults_nodes, dpeg_vaults_monster_box,
          ontoclasm_vaults_chip, v_misc_2, v_misc_24, ontoclasm_vaults_idyll,
          ontoclasm_vaults_ring_square, vaults_mumra_minichess,
          layout_vaults_ring
Vaults:3: v_misc_28, v_pattern_1, nicolae_vaults_triangles, v_misc_2,
          nicolae_vaults_gold_heap, v_misc_17, nicolae_vaults_rhombus_5,
          vaults_room_fancy_cross, v_alt_pattern_5, hangedman_vaults_slice,
          layout_vaults_omnicross, serial_shops, shop, enter_trove_2
Vaults:4: biasface_ghost_orc_armoury, grunt_vaults_trifunnel, vaults_dpeg_doors,
          ontoclasm_vaults_bender, hangedman_vaults_corner, st_lines,
          hangedman_vaults_slither, v_alt_pattern_6, nicolae_vaults_what_the_h,
          grunt_vaults_focal, v_rooms_1, layout_vaults_omnibox
Vaults:5
Crypt:1:  layout_catacombs, grunt_ministairs_15, ebering_dispersal_statue_hall,
          grunt_megastairs_4, uniq_khufu, uniq_jory
Crypt:2:  grunt_deathspiral_small, layout_misc_corridors, basic_altar,
          uniq_josephina, uniq_margery
Crypt:3:  grunt_crypt_end_deaths_head
Tomb:1:   uniq_mennas
Tomb:2
Depths:1: layout_honeycomb, chequers_hall_statues_y, serial_shops,
          nicolae_shop_statue_plus, hangedman_geh_valley, lemuel_flamethrower_2,
          uniq_mara
Depths:2: grunt_runaround [grunt_runaround_doors_1, grunt_runaround_doors_2,
          grunt_runaround_doors_3, grunt_runaround_doors_4,
          grunt_runaround_loot], abyss_entry, hell_entry, pan_entry,
          serial_shops
Depths:3: cheibrodos_poisonous_passages, layout_cross, nicolae_wwwww,
          abyss_entry, grunt_mini_vestibule
Depths:4: grunt_zot_entry_alcove, layout_cave_pools, enter_ziggurat_b,
          grunt_pan_entry_spiral, mu_enter_wizlab_6, hell_entry,
          hangedman_abyss_entry_splay, nicolae_two_hexagons, uniq_xtahua
Hell
Tar:1:    layout_cathedral_of_symmetry, nicolae_tar_cuneiform_to_be
Tar:2:    layout_catacombs
Tar:3:    layout_grid_maze
Tar:4:    layout_cathedral_of_symmetry
Tar:5:    layout_grid_maze

Skill      XL: |  1  2  3  4  5  6  7  8  9 10 11 12 13 14 15 16 17 18 19 20 21 22 23 24 25 26 27 |
---------------+----------------------------------------------------------------------------------+-----
Unarmed Combat | 3 4 5 6 8 10 12 14 17 18 19 21 22 | 22.5
Armour         | 4 5 6 8 9 10 11 12 14 15 16 17 18 19 20 22 | 22.0
Shields        | 4 5 7 9 11 14 15 16 17 18 20 25 | 25.0
Fighting       | 4 5 6 7 8 10 11 12 14 18 19 20 21 22 | 22.4
Invocations    | 3 5 6 8 10 11 12 | 12.4
Throwing       | 2 6 8 10 11 13 14 15 16 17 19 20 22 | 22.0
Evocations     | 4 6 7 8 10 11 12 13 | 13.1
Dodging        | 3 5 8 10 12 13 14 15 22 | 22.0

Action                   |  1- 3 |  4- 6 |  7- 9 | 10-12 | 13-15 | 16-18 | 19-21 | 22-24 | 25-27 || total
-------------------------+-------+-------+-------+-------+-------+-------+-------+-------+-------++-------
Melee: Unarmed           |   127 |   220 |   275 |   470 |   954 |   964 |  1045 |  1078 |  2497 ||  7630
       Bite              |       |       |       |       |    38 |   130 |   159 |   229 |   449 ||  1005
Throw: Dart              |       |       |       |    12 |     9 |     3 |     1 |       |       ||    25
       Javelin           |       |       |       |     4 |     5 |    36 |    49 |    39 |   154 ||   287
       Boomerang         |       |       |       |       |    18 |    74 |    97 |   131 |   100 ||   420
Invok: Heroism           |       |       |       |    11 |    17 |    19 |    24 |    22 |    28 ||   121
       Duel              |       |       |       |       |       |       |       |       |     5 ||     5
       Finesse           |       |       |       |       |       |       |       |       |     1 ||     1
 Abil: Evoke Blink       |       |       |       |       |       |       |       |       |     2 ||     2
Evoke: Wand              |       |     4 |       |       |     4 |       |     1 |       |     1 ||    10
       Tin of tremorston |       |       |       |       |       |       |       |       |     2 ||     2
  Use: Potion            |       |     1 |     3 |     1 |    10 |     6 |    10 |     9 |    26 ||    66
       Scroll            |       |     1 |    15 |     4 |     6 |    14 |    11 |     4 |     8 ||    63
 Stab: Fleeing           |       |       |       |     1 |       |       |       |       |       ||     1
       Distracted        |       |       |       |       |       |       |     1 |       |     1 ||     2
Armor: Scale mail        |    67 |    12 |       |       |       |       |       |       |       ||    79
       Plate armour      |       |   117 |   192 |   224 |   423 |   310 |   136 |       |       ||  1402
       Skin              |       |       |       |     6 |       |       |       |       |       ||     6
       Gold dragon scale |       |       |       |       |       |       |   143 |   327 |   892 ||  1362
       Shadow dragon sca |       |       |       |       |       |       |    28 |       |       ||    28
Dodge: Dodged            |    50 |    42 |    66 |    98 |   310 |   345 |   224 |   251 |   995 ||  2381
Block: Buckler           |    35 |    51 |    69 |   109 |   432 |    23 |       |       |       ||   719
       Reflection        |       |       |       |       |    15 |    38 |    80 |   113 |    43 ||   289
       Kite shield       |       |       |       |       |       |   614 |   440 |       |       ||  1054
       Tower shield      |       |       |       |       |       |       |   463 |  1202 |  3198 ||  4863
